 Dungeon Crawl Stone Soup version 0.30-a0-605-gb2882149bf (webtiles) character file.

Game seed: 15910286479553451783

2739 oldriver the Fighter (level 10, -3/94 HPs)
             Began as a Formicid Wanderer on Jan 7, 2023.
             Slain by a gnoll
             ... wielding a +0 spear
             ... led by a gnoll sergeant
              (7 damage)
             ... on level 6 of the Dungeon.
             The game lasted 00:12:28 (7059 turns).

oldriver the Fighter (Formicid Wanderer)            Turns: 7059, Time: 00:12:29

Health: -3/94      AC: 11    Str: 20    XL:     10   Next: 0%
Magic:  4/13       EV:  9    Int: 13    God:
Gold:   434        SH:  0    Dex: 13    Spells: 12/13 levels left

rFire   . . .      SeeInvis +    a - +2 hand axe
rCold   . . .      Faith    .    (no shield)
rNeg    . . .      Spirit   .    f - +0 chain mail
rPois   .          Reflect  .    (helmet unavailable)
rElec   .          Harm     .    j - +0 cloak {Will+}
rCorr   +          Rampage  .    (no gloves)
Will    ++...                    b - +0 pair of boots Stlth
                                 q - amulet of regeneration
HPRegen 1.15/turn                e - ring of resist corrosion
MPRegen 0.13/turn                (no ring)

@: lethally poisoned (-3 -> -14)
A: permanent stasis, dig shafts and tunnels, antennae 3, four strong arms,
MP-powered wands, sturdy frame 1
a: Dig, Shaft Self


You were on level 6 of the Dungeon.
You visited 1 branch of the dungeon, and saw 6 of its levels.
You also visited: Ossuary.

You collected 434 gold pieces.

Inventory:

Hand Weapons
 a - a +2 hand axe (weapon)
 z - a +2 flail of protection
 C - a +2 heavy flail
Missiles
 c - 9 poisoned darts
 p - 2 throwing nets
 u - 3 boomerangs
 B - 10 stones (quivered)
Armour
 b - a +0 pair of boots (worn)
 f - a +0 chain mail (worn)
 j - a +0 cloak of willpower (worn)
Jewellery
 e - a ring of resist corrosion (left hand)
 i - an amulet of guardian spirit
 q - an amulet of regeneration (around neck)
Wands
 n - a wand of polymorph (2)
 A - a wand of flame (2)
Scrolls
 h - a scroll of magic mapping
 l - 3 scrolls of enchant weapon
 m - a scroll of fear
 t - a scroll of fog {unknown}
 w - 3 scrolls of blinking {unknown}
 y - a scroll of noise {unknown}
Potions
 d - a potion of ambrosia {unknown}
 g - a potion of haste
 k - a potion of brilliance
 o - a potion of invisibility
 r - a potion of degeneration
 s - 3 potions of flight
 x - 2 potions of mutation


   Skills:
 - Level 14.0 Fighting
 * Level 7.4 Axes
 + Level 2.3 Throwing
 + Level 4.1 Armour
 - Level 2.0 Dodging
 - Level 0.3 Stealth
 - Level 2.0 Spellcasting
 - Level 3.0 Transmutations
 - Level 2.1 Evocations


You had 12 spell levels left.
You knew the following spells:

 Your Spells              Type           Power      Damage    Failure   Level
a - Beastly Appendage     Tmut           18%        N/A       38%         1

Your spell library contained the following spells:

 Spells                   Type           Power      Damage    Failure   Level
 Spider Form              Tmut/Pois      5%         N/A       92%         3


Dungeon Overview and Level Annotations

Branches:
Dungeon (6/15)             Temple (0/1) D:6         Ossuary (visited)

Altars:
Gozag
Makhleb

Annotations:
D:2 Natasha
D:3 2 transporters, porpoise's ghost, amateur GnWn
D:5 1 runed translucent door, baller8008's ghost, amateur MiFi


Innate Abilities, Weirdness & Mutations

You cannot be hasted, slowed, berserked, paralysed or teleported.
You can dig through walls and to a lower floor.
You have a pair of large antennae on your head. (SInv)
Your four strong arms can wield two-handed weapons with a shield.
You expend magic power (3 MP) to strengthen your wands.
Your movements are slightly less encumbered by armour. (ER -2)


Message History

The gnoll sergeant is almost dead.
You feel sick.
The gnoll sergeant hits you with a +1 spear of venom.
* * * LOW HITPOINT WARNING * * *
The gnoll hits you but does no damage.
Okay, then.
Okay, then.
Aiming: Throw Flame
Press: ? - help, Shift-Dir - straight line, f/p - gnoll sergeant
Aim: a gnoll sergeant, wielding a +1 spear of venom and wearing a +0 ring mail (almost dead, 79% to hit)
You feel a surge of power!
The puff of flame hits the gnoll sergeant.
The gnoll sergeant is almost dead.
You feel sick.
The gnoll sergeant hits you with a +1 spear of venom.
* * * LOW HITPOINT WARNING * * *
You are more poisoned.
The gnoll hits you from afar with a +0 spear.
* * * LOW HITPOINT WARNING * * *
Aiming: Throw Flame
Press: ? - help, Shift-Dir - straight line, f/p - gnoll sergeant
Aim: a gnoll sergeant, wielding a +1 spear of venom and wearing a +0 ring mail (almost dead, 79% to hit)
You feel a surge of power!
The puff of flame misses the gnoll sergeant.
You feel very sick.
The gnoll sergeant hits you with a +1 spear of venom.
* * * LOW HITPOINT WARNING * * *
You are lethally poisoned!
The gnoll barely misses you.
Okay, then.
Aiming: Throw Flame
Press: ? - help, Shift-Dir - straight line, f/p - gnoll sergeant
Aim: a gnoll sergeant, wielding a +1 spear of venom and wearing a +0 ring mail (almost dead, 79% to hit)
You feel a surge of power!
The puff of flame hits the gnoll sergeant.
You kill the gnoll sergeant!
* * * LOW HITPOINT WARNING * * *
You feel very sick.
The gnoll hits you from afar with a +0 spear!
You die...

##### ....##
##################### .....###
#.................... ##.#...###
#.################### ##.###...#
#.#.@.......# ......##.#
#.#)#######.# ###### #.....##.##
#.#g# #.# #.....
.#.#..##..###.#.# #.####.####
...........##'#'#######.#.....)..
##..#.##..............#.#.##.####
##.#..##.#............#...##.# #
......................#..###.# #
....#.##..###.#.###........#.####


You could see a gnoll.

Vanquished Creatures
  Grinder (D:5)
  Sigmund (D:2)
  Edmund (D:6)
  2 sky beasts (D:6)
  3 ogres
  A phantom (D:6)
  A necrophage (D:6)
  A gnoll sergeant (D:6)
  3 scorpions
  5 killer bees (D:5)
  2 howler monkeys (D:6)
  2 centaur zombies (Ossuary)
  4 hounds
  3 human zombies (Ossuary)
  3 orc priests
  A jelly (D:5)
  3 iguanas (D:6)
  Natasha (twice) (D:2)
  5 orc wizards
  3 mummies (Ossuary)
  5 hound zombies (Ossuary)
  2 gnolls
  4 adders
  2 adder zombies (Ossuary)
  A worm (D:2)
  7 orcs
  3 ball pythons
  11 endoplasms
  3 giant cockroaches
  6 goblins
  11 hobgoblins
  4 jackals (D:2)
  5 kobolds
  2 quokkas
  9 bats
  A frilled lizard (D:1)
  5 goblin zombies (Ossuary)
  3 hobgoblin zombies (Ossuary)
  4 jackal zombies (Ossuary)
  4 kobold zombies (Ossuary)
  2 orc zombies (Ossuary)
  3 quokka zombies (Ossuary)
  9 rats
  A rat zombie (Ossuary)
154 creatures vanquished.

Vanquished Creatures (others)
  6 plants (D:3)
6 creatures vanquished.

Grand Total: 160 creatures vanquished

Notes
Turn   | Place    | Note
-------+----------+-------------------------------------------
     0 | D:1      | oldriver the Formicid Wanderer began the quest for the Orb.
     0 | D:1      | oldriver set off with the following items: a +2 hand axe, a
                  | +0 pair of boots, a scroll of fear, a +0 leather armour;
                  | and the following spell memorised: Beastly Appendage; and
                  | the following spells available to memorise: Spider Form.
     0 | D:1      | Reached XP level 1. HP: 13/13 MP: 2/2
    55 | D:1      | Reached XP level 2. HP: 20/20 MP: 1/3
   217 | D:1      | Reached skill level 1 in Fighting
   303 | D:1      | Reached XP level 3. HP: 26/26 MP: 2/4
   661 | D:2      | Noticed Sigmund
   671 | D:2      | Killed Sigmund
   672 | D:2      | Reached skill level 2 in Fighting
   672 | D:2      | Reached skill level 5 in Axes
   672 | D:2      | Reached XP level 4. HP: 7/34 MP: 1/7
   672 | D:2      | Reached XP level 5. HP: 8/39 MP: 1/8
   672 | D:2      | Reached XP level 6. HP: 9/46 MP: 1/9
   905 | D:2      | Noticed Natasha
   919 | D:2      | Killed Natasha
   963 | D:2      | Noticed Natasha
   994 | D:2      | Killed Natasha
  1346 | D:2      | Noticed Natasha
  1400 | D:2      | Reached skill level 3 in Fighting
  2001 | D:3      | Found an opulent altar of Gozag.
  2167 | D:3      | Found a transporter.
  2327 | D:3      | Gained mutation: Your movements are slightly less
                  | encumbered by armour. (ER -2) [potion of mutation]
  2327 | D:3      | Gained mutation: You expend magic power (3 MP) to
                  | strengthen your wands. [potion of mutation]
  2331 | D:3      | Reached skill level 13 in Fighting
  2331 | D:3      | Reached XP level 7. HP: 15/73 MP: 7/10
  2660 | D:3      | Found a transporter.
  2694 | D:3      | Noticed porpoise's ghost (amateur GnWn)
  2801 | D:4      | Found a sand-covered staircase.
  2809 | Ossuary  | Entered an ossuary
  2865 | Ossuary  | Reached skill level 1 in Armour
  2865 | Ossuary  | Reached XP level 8. HP: 65/80 MP: 9/11
  3323 | D:4      | Reached skill level 14 in Fighting
  4376 | D:5      | Entered Level 5 of the Dungeon
  4376 | D:5      | Noticed baller8008's ghost (amateur MiFi)
  4376 | D:5      | Found a runed translucent door.
  4393 | D:5      | Noticed Grinder
  4457 | D:5      | Killed Grinder
  4458 | D:5      | Reached XP level 9. HP: 38/87 MP: 12/12
  5264 | D:5      | Reached skill level 1 in Throwing
  6305 | D:6      | Noticed Edmund
  6325 | D:6      | Killed Edmund
  6532 | D:6      | Found a burning altar of Makhleb.
  6546 | D:6      | Reached XP level 10. HP: 93/94 MP: 13/13
  6571 | D:6      | Found a staircase to the Ecumenical Temple.
  7059 | D:6      | HP: 4/94 [poisoned by a gnoll sergeant]
  7059 | D:6      | Slain by a gnoll

Illustrated notes

Levels and vault maps discovered:
D:1:      minmay_arrival_four_circles, layout_rooms, grunt_decor_arrowhead
D:2:      layout_basic, minmay_misc_feat_cross, uniq_natasha, uniq_sigmund
D:3:      layout_basic, nicolae_gozag_cash_rules_everything_around_me,
          gammafunk_ghost_gnarly_gnolls
D:4:      layout_loops_corners, nicolae_overflow_hidden_temple, enter_ossuary_1
D:5:      layout_basic, hellmonk_ghost_happy_afterlife, uniq_grinder
D:6:      layout_basic, mainiacjoe_overflow_24_doors, minmay_temple_entry_hall,
          hangedman_abyss_or_decor_lesser_grid, uniq_edmund

Skill      XL: |  1  2  3  4  5  6  7  8  9 |
---------------+----------------------------+-----
Dodging        | 2 |  2.0
Fighting       | 1 2 13 14 | 14.0
Axes           | 5 6 7 |  7.4
Spellcasting   | 2 |  2.0
Transmutations | 3 |  3.0
Armour         | 1 2 4 |  4.1
Throwing       | 2 |  2.3
Stealth        | |  0.3
Evocations     | |  2.1

Action                   |  1- 3 |  4- 6 |  7- 9 | 10-12 || total
-------------------------+-------+-------+-------+-------++-------
Melee: Hand axe          |    49 |    92 |   465 |    14 ||   620
       Kick              |    12 |    13 |       |       ||    25
       Punch             |       |     4 |     2 |       ||     6
Throw: Stone             |       |       |    23 |     4 ||    27
       Dart              |       |       |    21 |       ||    21
 Cast: Beastly Appendage |    20 |    22 |       |       ||    42
Evoke: Wand              |       |       |       |     3 ||     3
  Use: Potion            |     2 |    10 |     2 |     1 ||    15
       Scroll            |       |       |    14 |       ||    14
 Stab: Sleeping          |       |     2 |       |       ||     2
Armor: Leather armour    |    17 |    23 |       |       ||    40
       Robe              |       |    11 |       |       ||    11
       Chain mail        |       |       |   240 |    11 ||   251
       Skin              |       |       |    40 |       ||    40
Dodge: Dodged            |    34 |    70 |   193 |    13 ||   310

Table legend: (Time is in decaauts)
 A = Elapsed time spent in this place.
 B = Non-inter-level travel time spent in this place.
 C = Inter-level travel time spent in this place.
 D = Time resting spent in this place.
 E = Time spent auto-exploring this place.
 F = Levels seen in this place.
 G = Mean time per level.
                   A        B        C        D        E       F      G
               +--------+--------+--------+--------+--------+-----+--------+
         Total |   7070 |   6465 |    605 |    587 |   4267 |   7 | 1010.0 |
       Dungeon |   6631 |   6026 |    605 |    587 |   4041 |   6 | 1105.2 |
       Ossuary |    439 |    439 |      0 |      0 |    226 |   1 |  439.0 |
               +--------+--------+--------+--------+--------+-----+--------+

Top non-repeatable levels by time:
     D:4: 1447 daAuts
     D:2: 1406 daAuts
     D:5: 1162 daAuts
     D:3: 1151 daAuts
     D:6: 908 daAuts
     D:1: 554 daAuts
 Ossuary: 439 daAuts
